 Dungeon Crawl Stone Soup version 0.23-a0-183-gf37f6fb (webtiles) character file.

12 Amnesiac the Magician (level 2, -1/19 HPs)
             Began as a Mummy Ice Elementalist on Sept 23, 2018.
             Slain by an orc
             ... wielding a +0 club
              (5 damage)
             ... on level 4 of the Dungeon.
             The game lasted 00:02:26 (426 turns).

Amnesiac the Magician (Mummy Ice Elementalist)       Turns: 426, Time: 00:02:26

Health: -1/19      AC:  5    Str: 11    XL:     2   Next: 20%
Magic:  5/5        EV: 11    Int: 14    God:
Gold:   40         SH:  0    Dex: 12    Spells: 3/6 levels left

rFire    x . .     SeeInvis .   b - +0 hunting sling
rCold    + . .     Gourm    .   (no shield)
rNeg     + + +     Faith    .   a - +0 leather armour
rPois    ∞         Spirit   .   d - +0 helmet
rElec    .         Reflect  .   (no cloak)
rCorr    .         Harm     .   e - +0 pair of gloves
MR       .....                  (no boots)
Stlth    +.........             (no amulet)
HPRegen  0.06/turn              (no ring)
MPRegen  0.09/turn              (no ring)

@: no status effects
A: no food or potions, fire vulnerability, cold resistance 1, negative energy
resistance 3, torment resistance, unbreathing
a: no special abilities


You were on level 4 of the Dungeon.
You were not hungry.

You visited 1 branch of the dungeon, and saw 5 of its levels.

You collected 40 gold pieces.

Inventory:

Hand Weapons
 b - a +0 hunting sling (weapon)
Missiles
 c - 12 stones
 f - 16 sling bullets (quivered)
Armour
 a - a +0 leather armour (worn)
 d - a +0 helmet (worn)
 e - a +0 pair of gloves (worn)
Scrolls
 g - a scroll of immolation {!r, unknown}


   Skills:
 - Level 1.5 Dodging
 - Level 1.5 Stealth
 + Level 2.9 Spellcasting
 - Level 0.7 Conjurations
 * Level 2.9 Ice Magic


You had 3 spell levels left.
You knew the following spells:

 Your Spells              Type           Power        Failure   Level  Hunger
a - Freeze                Ice            ##..         9%          1    N/A
b - Throw Frost           Conj/Ice       #.....       21%         2    N/A

Your spell library contained the following spells:

 Spells                   Type           Power        Failure   Level  Hunger
 Ozocubu's Armour         Chrm/Ice       #.......     43%         3    N/A
 Throw Icicle             Conj/Ice       #.......     78%         4    N/A
 Summon Ice Beast         Ice/Summ       #.......     83%         4    N/A

Dungeon Overview and Level Annotations

Branches:
Dungeon (5/15)
 Temple: D:4-7

Altars:


Innate Abilities, Weirdness & Mutations

You do not eat or drink.
Your flesh is vulnerable to fire.
You are immune to poison.
Your flesh is cold resistant. (rC+)
You are immune to negative energy. (rN+++)
You are immune to unholy pain and torment.
You can survive without breathing.


Message History

You see here a quarterstaff.
You open the door.
There is an open door here.
An orc comes into view. It is wielding a short sword.
Firing (i - inventory. (/) - cycle)
f - 24 sling bullets (quivered)
Press: ? - help, Shift-Dir - straight line, f - orc
Aim: an orc, wielding a short sword (resting)
You shoot a sling bullet. The sling bullet hits the orc.
The orc shouts!
The orc is heavily wounded.
You hear a shout!
An orc comes into view. It is wielding a club.
Unknown command.
Firing (i - inventory. (/) - cycle)
f - 23 sling bullets (quivered)
Press: ? - help, Shift-Dir - straight line, f/p - orc
Aim: an orc, wielding a short sword (heavily wounded)
You shoot a sling bullet. The sling bullet hits the orc.
The orc is almost dead.
An orc comes into view.
An orc comes into view. It is wielding a whip.
Unknown command.
Firing (i - inventory. (/) - cycle)
f - 22 sling bullets (quivered)
Press: ? - help, Shift-Dir - straight line, f/p - orc
Aim: an orc, wielding a short sword (almost dead)
You shoot a sling bullet. The sling bullet barely misses the orc.
The orc shouts! x2; You hear a shout!
An orc wizard comes into view. It is wielding a dagger.
Unknown command.
There is an open door here.
Firing (i - inventory. (/) - cycle)
f - 21 sling bullets (quivered)
Press: ? - help, Shift-Dir - straight line, f/p - orc
Aim: an orc, wielding a short sword (heavily wounded)
You shoot a sling bullet. The sling bullet hits the orc!
You kill the orc!
Unknown command.
Firing (i - inventory. (/) - cycle)
f - 20 sling bullets (quivered)
Press: ? - help, Shift-Dir - straight line, f - orc
Aim: an orc, wielding a whip and wearing a leather armour You shoot a sling bullet.
The sling bullet closely misses the orc.
Firing (i - inventory. (/) - cycle)
f - 19 sling bullets (quivered)
Press: ? - help, Shift-Dir - straight line, f/p - orc
Aim: an orc, wielding a whip and wearing a leather armour You shoot a sling bullet.
The sling bullet closely misses the orc.
The sling bullet barely misses the orc.
The orc wizard mumbles some strange words.
The orc wizard seems to speed up.
There is a stone staircase leading up here.
Firing (i - inventory. (/) - cycle)
f - 18 sling bullets (quivered)
Press: ? - help, Shift-Dir - straight line, f/p - orc
Aim: an orc, wielding a whip and wearing a leather armour You shoot a sling bullet.
The sling bullet hits the orc!
You kill the orc!
Firing (i - inventory. (/) - cycle)
f - 17 sling bullets (quivered)
Press: ? - help, Shift-Dir - straight line, f - orc
Aim: an orc, wielding a club You shoot a sling bullet.
The sling bullet barely misses the orc.
The orc wizard casts a spell at you. The puff of flame hits you!
The fire burns you terribly!
Ouch! That really hurt!
* * * LOW HITPOINT WARNING * * *
The orc hits you with a club.
You die...

#.....##...#..###..##
..#.###.##......###..###
#....#.................####
...........................
######.###'##..........#.#.
#. #.........####.#.#. #.
#............##...) #.
#............##.### #.
#.@..........##.#.# [.
#.o........##...#.. ##
#.o........##.###.#
#..........##.# #.#
#.o...........# #..
#######............## #.#
#(o(o.'............# #.#
#.#####.(.......#### ###
#.# #.........#


You could see an orc wizard and 2 orcs.

Vanquished Creatures
  A leopard gecko (D:4)
  2 orcs (D:4)
  2 giant cockroaches
  A quokka (D:4)
  A frilled lizard (D:4)
  A goblin (D:2)
  A jackal skeleton (D:4)
9 creatures vanquished.

Notes
Turn   | Place    | Note
-------+----------+-------------------------------------------
     0 | D:1      | Amnesiac the Mummy Ice Elementalist began the quest for the
                  | Orb.
     0 | D:1      | Reached XP level 1. HP: 13/13 MP: 4/4
   224 | D:4      | Reached XP level 2. HP: 19/19 MP: 5/5
   228 | D:4      | Learned a level 2 spell: Throw Frost
   278 | D:5      | Entered Level 5 of the Dungeon
   426 | D:4      | Slain by an orc

Vault maps used:
D:1:      minmay_arrival_radiant_lines
D:2:      serial_bayou_crossing
D:3:      first_ration, kennysheep_okawaru_gauntlet
D:5:      portal_sewer_entry_e

Action                   || total
-------------------------++-------
 Fire: Hunting sling     ||    15
 Cast: Freeze            ||     3
Dodge: Dodged            ||     1

Table legend:
 A = Non-vault XP
 B = Vault XP
 C = Vault XP percentage of total XP
 D = Non-vault monster count
 E = Vault monster count
 F = Vault count percentage of total count
                 A         B        C        D         E       F
            +---------+---------+-------+---------+---------+-------
      Total |      18 |       0 |   0.0 |       9 |       0 |   0.0
            +---------+---------+-------+---------+---------+-------
        D:1 |       2 |       0 |   0.0 |       1 |       0 |   0.0
        D:2 |       1 |       0 |   0.0 |       1 |       0 |   0.0
        D:4 |      15 |       0 |   0.0 |       7 |       0 |   0.0
            +---------+---------+-------+---------+---------+-------
